 Dungeon Crawl Stone Soup version 0.20.0-3-g22ec75f (webtiles) character file.

16 Chiseanne the Vexing (level 2, -1/17 HPs)
             Began as a Deep Elf Arcane Marksman on May 27, 2017.
             Slain by an adder (4 damage)
             ... on level 1 of the Dungeon.
             The game lasted 00:03:12 (1491 turns).

Chiseanne the Vexing (Deep Elf Arcane Marksman)     Turns: 1491, Time: 00:03:13

Health: -1/17      AC:  1    Str:  7    XL:     2   Next: 41%
Magic:  3/6        EV: 15    Int: 17    God:
Gold:   53         SH:  0    Dex: 15    Spells: 1/4 levels left

rFire    . . .     SeeInvis .   a - +1 dagger
rCold    . . .     Gourm    .   (no shield)
rNeg     . . .     Faith    .   w - +0 robe
rPois    .         Spirit   .   (no helmet)
rElec    .         Reflect  .   (no cloak)
rCorr    .         Harm     .   (no gloves)
MR       .....                  (no boots)
Stlth    +.........             (no amulet)
Regen    0.1/turn               (no ring)
MPRegen  0.1/turn               (no ring)

@: lethally poisoned (-1 -> -6)
A: repulsion field 1, deformed body, robust 1
a: no special abilities


You were on level 1 of the Dungeon.
You were hungry.

You visited 1 branch of the dungeon, and saw 2 of its levels.

You collected 53 gold pieces.

Inventory:

Hand Weapons
 a - a +1 dagger (weapon)
Missiles
 c - a javelin (quivered)
 d - 2 throwing nets
 g - 40 stones
Armour
 w - a +0 robe (worn)
Scrolls
 e - 2 scrolls of identify
 h - a scroll of amnesia
 i - a scroll of remove curse
Books
 b - a book of Debilitation

   Spells                             Type                      Level
   a - Corona                         Hexes                        1
   b - Slow                           Hexes                        2
   c - Inner Flame                    Hexes/Fire                   3
   d - Portal Projectile              Hexes/Translocation          3
   e - Cause Fear                     Hexes                        4
   f - Leda's Liquefaction            Hexes/Earth                  4
Comestibles
 f - a bread ration


   Skills:
 * Level 1.3 Fighting
 * Level 2.5 Throwing
 * Level 2.6 Dodging
 - Level 1.5 Spellcasting
 - Level 4.0 Hexes


You had one spell level left.
You knew the following spells:

 Your Spells              Type           Power        Failure   Level  Hunger
a - Corona                Hex            ##.....      3%          1    ##.....
b - Slow                  Hex            ##......     6%          2    ###....


Dungeon Overview and Level Annotations

Branches:
Dungeon (2/15)

Altars:


Innate Abilities, Weirdness & Mutations

You are surrounded by a mild repulsion field. (EV +2)
Armour fits poorly on your strangely shaped body.
You are robust. (+10% HP)


Message History

The adder barely misses you.
You hit the adder.
The adder is severely wounded.
The adder bites you but does no damage.
You closely miss the adder.
The adder is heavily wounded.
The adder bites you but does no damage.
You hit the adder.
The adder is severely wounded.
The adder bites you.
* * * LOW HITPOINT WARNING * * *
You are lethally poisoned!
The adder poisons you!
You aren't carrying any potions.
Unknown command.
You hit the adder.
The adder is almost dead.
* * * LOW HITPOINT WARNING * * *
You feel sick. The adder bites you.
You die...

### ###### #.. .....## #.#
######...########## ##.##
##..................
#...###..##)##.##.############
###...##........................
#.......#..##.##.##.####........
#..........###S#.#.#..).........
#.......##.# ##@..##.###........
#.#...####.#####.#..............
#.#..............#.#.###........
#.#####.....###......# #........
#.# #....).........# #....K...
#.# #.....######...# #......K.
#†# #.....# ...# #####.##( #.#
###.### ...# #.#######.# ..#


You could see an adder.

Vanquished Creatures
  2 bats (D:1)
  A giant cockroach (D:1)
  5 goblins (D:1)
  A hobgoblin (D:1)
  3 kobolds (D:1)
  2 frilled lizards (D:1)
  2 rats (D:1)
16 creatures vanquished.

Notes
Turn   | Place    | Note
-------+----------+-------------------------------------------
     0 | D:1      | Chiseanne the Deep Elf Arcane Marksman began the quest for the Orb.
     0 | D:1      | Reached XP level 1. HP: 11/11 MP: 5/5
   104 | D:1      | Reached skill level 1 in Fighting
   468 | D:1      | Gained mutation: You are weak. (Str -2) [potion of mutation]
   468 | D:1      | Gained mutation: Your mind is acute. (Int +2) [potion of mutation]
   469 | D:1      | Lost mutation: Your mind is acute. (Int +2) [potion of mutation]
   469 | D:1      | Lost mutation: You are weak. (Str -2) [potion of mutation]
   469 | D:1      | Gained mutation: You are surrounded by a mild repulsion field. (EV +2) [potion of mutation]
   469 | D:1      | Gained mutation: Armour fits poorly on your strangely shaped body. [potion of mutation]
   469 | D:1      | Gained mutation: You evolve. [potion of mutation]
   469 | D:1      | Gained mutation: You are robust. (+10% HP) [potion of mutation]
   815 | D:1      | Reached XP level 2. HP: 9/17 MP: 4/6
   903 | D:1      | Lost mutation: You evolve. [end of evolution]
   907 | D:1      | Learned a level 2 spell: Slow
  1263 | D:1      | You fall through a shaft!
  1491 | D:1      | Slain by an adder

Skill      XL: |  1 |
---------------+----+-----
Fighting       | 1 |  1.3
Throwing       | |  2.5
Dodging        | |  2.6
Spellcasting   | |  1.5
Hexes          | |  4.0

Action                   || total
-------------------------++-------
Melee: Dagger            ||    94
       Unarmed           ||     8
Throw: Javelin           ||     4
 Cast: Corona            ||    13
       Slow              ||     6
  Use: Scroll            ||     4
       Potion            ||     2
  Eat: Chunk             ||     2
Armor: Robe              ||    14
Dodge: Dodged            ||    82
